 Dungeon Crawl Stone Soup version 0.22-a0-848-ge9e22a0 (webtiles) character file.

39 Leszczynek the Cutter (level 3, 0/22 HPs)
             Began as a Deep Elf Monk on July 26, 2018.
             Killed by nerve-wracking pain
             ... invoked by Jessica
              (11 damage)
             ... on level 2 of the Dungeon.
             The game lasted 00:04:15 (939 turns).

Leszczynek the Cutter (Deep Elf Monk)                Turns: 939, Time: 00:04:15

Health: 0/22       AC:  3    Str:  8    XL:     3   Next: 26%
Magic:  5/5        EV: 13    Int: 15    God:
Gold:   78         SH:  0    Dex: 17    Spells: 2/2 levels left

rFire    . . .     SeeInvis .   a - +0 short sword
rCold    . . .     Gourm    .   (no shield)
rNeg     . . .     Faith    .   h - +0 leather armour
rPois    .         Spirit   .   (no helmet)
rElec    .         Reflect  .   (no cloak)
rCorr    .         Harm     .   (no gloves)
MR       .....                  (no boots)
Stlth    +.........             (no amulet)
HPRegen  0.07/turn              (no ring)
MPRegen  0.09/turn              (no ring)

@: confused
A: no striking features
a: no special abilities


You were on level 2 of the Dungeon.
You were not hungry.

You visited 1 branch of the dungeon, and saw 3 of its levels.

You collected 78 gold pieces.

Inventory:

Hand Weapons
 a - a +0 short sword (weapon)
Missiles
 g - 33 stones (quivered)
Armour
 b - a +0 robe
 h - a +0 leather armour (worn)
Scrolls
 c - a scroll of magic mapping {unknown}
 f - 2 scrolls of random uselessness {unknown}
 i - a scroll of enchant weapon {unknown}
 j - a scroll of fog {unknown}
 l - a scroll of identify {unknown}
Comestibles
 d - a ration


   Skills:
 + Level 2.5 Fighting
 * Level 4.2 Short Blades
 - Level 3.6 Dodging
 - Level 2.4 Stealth


You had 2 spell levels left.
You didn't know any spells.
Your spell library was empty.

Dungeon Overview and Level Annotations

Branches:
Dungeon (3/15)

Altars:
Trog

Annotations:
D:2 Jessica


Message History

Jessica casts a spell at you. Pain shoots through your body!
Ouch! That really hurt!
You feel less invigorated.
You feel less confused. Jessica hits you with a club.
Jessica barely misses you.
You see here a stone.
Jessica says, "I'm really upset."
Jessica hits you with a club.
There is a stone staircase leading up here.
Jessica closely misses you.
You climb upwards.
There is a stone staircase leading down here.
You hit Jessica but do no damage. Jessica barely misses you. x2
You are confused.
You feel invigorated. Jessica gestures at you while chanting.
Pain shoots through your body!
Ouch! That really hurt!
You die...

#.. #.#.# ## #.#.#
##8###8## #S#.#
#+###8...8...8###.#.#
#..##@........###.#.#
#<.#@........._#..#.#
#.###.........##..#.#
.(##8...8.. #..(..
.... ##8###8 #....#
####
#############....#
.............###.#
#####...##.......
#...##..###.#
#...###.# #..


You could see Jessica.

Vanquished Creatures
  An ooze (D:2)
  A dart slug (D:2)
  2 bats
  A giant cockroach (D:1)
  5 goblins
  2 hobgoblins
  6 jackals (D:1)
  2 frilled lizards
  5 kobolds
  5 rats
30 creatures vanquished.

Vanquished Creatures (others)
  4 toadstools (D:1)
4 creatures vanquished.

Grand Total: 34 creatures vanquished

Notes
Turn   | Place    | Note
-------+----------+-------------------------------------------
     0 | D:1      | Leszczynek the Deep Elf Monk began the quest for the Orb.
     0 | D:1      | Reached XP level 1. HP: 13/13 MP: 3/3
   178 | D:1      | Reached XP level 2. HP: 11/18 MP: 4/4
   452 | D:1      | Reached skill level 4 in Short Blades
   593 | D:2      | Found a bloodstained altar of Trog.
   608 | D:2      | Reached XP level 3. HP: 11/22 MP: 5/5
   902 | D:3      | Noticed Jessica
   932 | D:3      | Ouch! That really hurt!
   939 | D:2      | Ouch! That really hurt!
   939 | D:2      | Killed from afar by Jessica

Vault maps used:
D:1:      ldierk_walled_garden_2, fountainhead, minmay_crystal_room
D:2:      gammafunk_temple_overflow_forgotten, nicolae_overflow_hidden_temple,
          uniq_sigmund
D:3:      lemuel_crystal_altar, first_ration, minmay_box_of_dots, uniq_jessica,
          uniq_robin

Skill      XL: |  1  2 |
---------------+-------+-----
Short Blades   | 4 |  4.2
Fighting       | |  2.5
Dodging        | |  3.6
Stealth        | |  2.4

Action                   || total
-------------------------++-------
Melee: Short sword       ||   129
Throw: Stone             ||    30
  Use: Potion            ||     4
 Stab: Sleeping          ||     1
       Distracted        ||     1
  Eat: Chunk             ||     1
Armor: Robe              ||     4
       Leather armour    ||    27
Dodge: Dodged            ||    70

Table legend:
 A = Spawn XP
 B = Non-spawn XP
 C = Spawn XP percentage of total XP
 D = Spawn monster count
 E = Non-spawn monster count
 F = Spawn count percentage of total count
 G = Total turns spent on level
                    A         B        C        D         E        F      G
               +---------+---------+-------+---------+---------+-------+---------
         Total |       0 |      56 |   0.0 |       0 |      30 |   0.0 |   939
               +---------+---------+-------+---------+---------+-------+---------
           D:1 |       0 |      32 |   0.0 |       0 |      19 |   0.0 |   487
           D:2 |       0 |      21 |   0.0 |       0 |       9 |   0.0 |   344
           D:3 |       0 |       3 |   0.0 |       0 |       2 |   0.0 |   108
               +---------+---------+-------+---------+---------+-------+---------
